 Dungeon Crawl Stone Soup version 0.19.1 (webtiles) character file.

428 Ladykiller69 the Slasher (level 6, -1/52 HPs)
             Began as a Minotaur Abyssal Knight on Dec 21, 2016.
             Was a Believer of Lugonu.
             Killed by divine providence
             ... invoked by an orc priest
              (13 damage)
             ... on level 4 of the Dungeon.
             The game lasted 00:07:50 (4003 turns).

Ladykiller69 the Slasher (Minotaur Abyssal Knight)  Turns: 4003, Time: 00:07:51

Health: -1/52      AC: 11    Str: 16    XL:     6   Next: 65%
Magic:  7/7        EV:  6    Int:  9    God:    Lugonu [**....]
Gold:   256        SH:  0    Dex: 12    Spells: 0 memorised, 5 levels left

rFire  . . .     SeeInvis .     A - +2 long sword (holy)
rCold  . . .     Gourm    .     d - +0 plate armour
rNeg   . . .     Faith    .     (no shield)
rPois  .         Spirit   .     (helmet restricted)
rElec  .         Reflect  .     (no cloak)
rCorr  .         Harm     .     (no gloves)
MR     .....                    (no boots)
Stlth  ..........               (no amulet)
                                (no ring)
                                (no ring)

@: lethally poisoned (-1 -> -11)
A: retaliatory headbutt, horns 2
a: Depart the Abyss, Bend Space, Renounce Religion


You were on level 4 of the Dungeon.
You worshipped Lugonu.
Lugonu was pleased with you.
You were not hungry.

You visited 1 branch of the dungeon, and saw 4 of its levels.
You visited the Abyss 1 time.

You collected 256 gold pieces.

Inventory:

Hand Weapons
 a - a +1 falchion
 A - a +2 long sword of holy wrath (weapon)
Missiles
 e - 82 stones (quivered)
 s - 46 arrows
 t - 5 javelins
 u - 37 bolts
Armour
 b - a +0 leather armour
 d - a +0 plate armour (worn)
 h - a +0 scale mail
Jewellery
 r - an uncursed ring of ice {unknown}
Wands
 z - a wand of acid (8/15)
Scrolls
 g - a scroll of teleportation {unknown}
 j - 2 scrolls of noise {unknown}
 k - a scroll of random uselessness {unknown}
 m - a scroll of remove curse {unknown}
 n - 2 scrolls of identify {unknown}
 w - a scroll of recharging {unknown}
 x - a scroll of immolation {unknown}
 y - a scroll of blinking {unknown}
 B - a scroll of enchant armour {unknown}
 C - a scroll of magic mapping {unknown}
Potions
 l - 3 potions of curing
 o - a potion of heal wounds {unknown}
 p - a potion of resistance {unknown}
Comestibles
 c - 3 bread rations
 f - 6 meat rations
 i - a beef jerky
 q - 5 fruits
 v - 2 chunks of flesh


   Skills:
 - Level 4.0 Fighting
 * Level 5.5 Long Blades
 + Level 4.3 Armour
 + Level 3.5 Dodging
 + Level 3.3 Invocations


You had 5 spell levels left.
You didn't know any spells.

Dungeon Overview and Level Annotations

Branches:
Dungeon (4/15)
 Temple: D:4-7

Altars:
Qazlal


Innate Abilities, Weirdness & Mutations

You reflexively headbutt those who attack you in melee.
You have a pair of horns on your head.


Message History

The orc wizard casts a spell at you. The puff of frost hits you!
The orc hits you with a flail.
The orc priest calls down the wrath of Beogh upon you.
Beogh smites you! The orc wizard completely misses you.
You hear a shout!
It was a potion of curing.
You feel better.
The orc wizard hits you but does no damage.
You are poisoned.
The orc hits you with a flail.
You closely miss the orc wizard. Your headbutt misses the orc wizard.
The orc wizard is lightly wounded.
You feel sick.
The orc wizard gestures at you while chanting.
The magic dart hits you!
* * * LOW HITPOINT WARNING * * *
The orc wizard hits you but does no damage.
You are more poisoned.
The orc priest invokes the aid of Beogh against you.
Beogh smites you!
You die...

#......# #......# #...#..
#......# #..o#.o #......#
#....o. #......#.# #
#..... #......#.#.#.#
#..... #......#.#.#.#
#..... #............#.#
##.....##@...........#.#
#......ooo..............
#......##[................
#...... #.................
#.##### ######............
# #............
####....###.....
.........###.....
.................


You could see an orc priest, an orc wizard and an orc.

Vanquished Creatures
  Sigmund (D:2)
  A bullfrog (D:3)
  An orc priest (D:3)
  A worker ant (D:4)
  5 adders
  A shadow imp (D:2)
  2 worms (D:2)
  2 dart slugs (D:1)
  3 leopard geckos
  2 orcs (D:3)
  6 giant cockroaches
  9 goblins
  9 hobgoblins
  7 jackals
  2 quokkas
  2 ball pythons
  7 bats
  7 frilled lizards
  6 kobolds
  11 rats
85 creatures vanquished.

Notes
Turn   | Place    | Note
-------+----------+-------------------------------------------
     0 | Abyss:1  | Ladykiller69 the Minotaur Abyssal Knight began the quest for the Orb.
     0 | Abyss:1  | Reached XP level 1. HP: 19/19 MP: 1/1
    40 | Abyss:1  | Noticed a spatial maelstrom
    46 | Abyss:1  | Noticed a small abomination
    48 | D:1      | Escaped the Abyss
    57 | D:1      | Reached * piety under Lugonu
    60 | D:1      | Reached XP level 2. HP: 23/27 MP: 0/2
   368 | D:1      | Reached skill level 3 in Long Blades
   400 | D:1      | HP: 1/27 [poisoned by an adder]
   705 | D:1      | Reached XP level 3. HP: 33/33 MP: 3/3
  1501 | D:2      | Found a stormy altar of Qazlal.
  1633 | D:2      | Reached XP level 4. HP: 34/40 MP: 4/4
  1692 | D:2      | Noticed Sigmund
  1725 | D:2      | HP: 1/40 [something (5)]
  2237 | D:2      | Killed Sigmund
  2237 | D:2      | Reached skill level 4 in Long Blades
  2237 | D:2      | Reached XP level 5. HP: 22/46 MP: 4/6
  2763 | D:3      | Reached ** piety under Lugonu
  2963 | D:3      | Found a faded altar of an unknown god.
  3147 | D:3      | Reached XP level 6. HP: 52/52 MP: 7/7
  3157 | D:3      | Reached skill level 5 in Long Blades
  4003 | D:4      | Killed from afar by an orc priest

Skill      XL: |  1  2  3  4  5  6 |
---------------+-------------------+-----
Long Blades    | 3 4 5 |  5.5
Invocations    | 2 3 |  3.3
Fighting       | 4 |  4.0
Armour         | 3 4 |  4.3
Dodging        | 2 3 |  3.5

Action                   |  1- 3 |  4- 6 || total
-------------------------+-------+-------++-------
Melee: Falchion          |    93 |    86 ||   179
       Headbutt          |    14 |    20 ||    34
       Long sword        |       |    59 ||    59
Invok: Depart the Abyss  |     1 |       ||     1
  Use: Potion            |       |     1 ||     1
  Eat: Chunk             |     2 |     8 ||    10
Armor: Leather armour    |     7 |       ||     7
       Scale mail        |    23 |       ||    23
       Plate armour      |    16 |    89 ||   105
Dodge: Dodged            |    58 |    45 ||   103
       Rpst.: Falchion   |    15 |     7 ||    22
       Long sword        |       |     5 ||     5
